AoeStats
← Jukane

Arena

509681888Analyzed
1v1 RM · 5d ago on Sep 27, 2026· 53m 21s· 2 players
Game mode
Random Map
Map size
Tiny (2 player)
Population
200
Speed
Normal
Resources
Standard
Victory
Conquest
Starting age
Dark Age
Ending age
Imperial Age
RankedLock teamsTeams togetherTeam positionsShared explorationLock speedFull tech treeHidden civsTurbo modeCheats
Victory
Defeat
🇦🇷 Byzantines · Argentina
799
+15
🇺🇸 Vietnamese · United States
772
-15
Jukane
5:31 Loom
10:24 Feudal Age
15:47 Castle Age
14:23 Double-Bit Axe
14:34 Horse Collar
15:50 Pikeman
20:08 Wheelbarrow
22:01 Gold Mining
22:51 Forging
22:46 Fletching
23:01 Scale Barding Armor
28:11 Imperial Age
26:44 Bow Saw
26:38 Heavy Plow
26:55 Stone Mining
26:49 Elite Skirmisher
27:33 Bodkin Arrow
28:50 Ballistics
29:12 Iron Casting
28:40 Scale Mail Armor
28:38 Imperial Skirmisher
31:06 Two-Man Saw
31:16 Two-Man Saw
32:34 Chemistry
32:00 Halberdier
32:41 Squires
32:28 Arson
34:25 Bracer
34:28 Padded Archer Armor
35:26 Hand Cart
39:54 Thumb Ring
41:09 Paper Money
42:27 Chain Mail Armor
42:28 Leather Archer Armor
53:39 Ring Archer Armor
53:40 Plate Mail Armor
Omar III9558
10:33 Feudal Age
15:30 Castle Age
15:42 Double-Bit Axe
26:45 Bow Saw
26:17 Horse Collar
27:55 Forging
27:51 Scale Barding Armor
29:11 Wheelbarrow
28:40 Heavy Plow
28:34 Gold Mining
29:54 Iron Casting
30:57 Chain Barding Armor
33:10 Imperial Age
30:27 Loom
31:59 Gold Shaft Mining
31:16 Stone Mining
31:38 Fletching
31:48 Padded Archer Armor
32:39 Hand Cart
32:56 Husbandry
33:24 Elite Cataphract
34:26 Conscription
33:29 Cavalier
35:30 Heavy Camel Rider
35:30 Paladin
36:50 Thumb Ring
36:05 Crossbowman
37:23 Ballistics
38:04 Chemistry
36:33 Arbalester
39:42 Plate Barding Armor
39:01 Elite Skirmisher
41:15 Bodkin Arrow
41:35 Leather Archer Armor
42:15 Logistica
Connection lost

Rejoining the realm…

Still unreachable

The connection could not be restored.

Session expired

The server has moved on; the page needs a fresh start.